 Dungeon Crawl Stone Soup version 0.22-a0-404-g35e51767bf (webtiles) character file.

2131 Kriby the Scholar of Death (level 9, -3/66 HPs)
             Began as a Demonspawn Necromancer on May 8, 2018.
             Was a Follower of Kikubaaqudgha.
             Slain by a wyvern (7 damage)
             ... on level 8 of the Dungeon.
             The game lasted 00:28:46 (14752 turns).

Kriby the Scholar of Death (DsNe)                  Turns: 14752, Time: 00:28:46

Health: -3/66      AC:  5    Str: 11    XL:     9   Next: 9%
Magic:  10/26      EV: 12    Int: 16    God:    Kikubaaqudgha [*.....]
Gold:   398        SH:  2    Dex: 15    Spells: 10/18 levels left

rFire    . . .     SeeInvis .   j - +1 club
rCold    . . .     Gourm    .   (no shield)
rNeg     . . .     Faith    .   a - +0 robe
rPois    .         Spirit   .   b - +0 hat
rElec    .         Reflect  +   f - +0 cloak
rCorr    .         Harm     .   (no gloves)
MR       +....                  o - +1 pair of boots
Stlth    ++........             m - +2 amulet of reflection
HPRegen  0.21/turn              s - ring of magical power
MPRegen  0.20/turn              i - ring of protection from magic

@: flying, very slightly contaminated
A: claws 1, talons 1, demonic guardian 1, rot immunity
a: Receive Corpses, Renounce Religion


You were on level 8 of the Dungeon.
You worshipped Kikubaaqudgha.
Kikubaaqudgha was aware of your devotion.
You were not hungry.

You visited 2 branches of the dungeon, and saw 9 of its levels.
You also visited: Ossuary.

You collected 398 gold pieces.

Inventory:

Hand Weapons
 h - a +4 quarterstaff
 j - a +1 club (weapon)
 B - a cursed -1 double sword
Missiles
 t - 59 arrows
Armour
 a - a +0 robe (worn)
 b - a +0 hat (worn)
 f - a +0 cloak (worn)
 o - a +1 pair of boots (worn)
Jewellery
 e - an uncursed ring of ice
 g - an uncursed ring of wizardry
 i - a ring of protection from magic (right claw)
 k - an uncursed ring of flight
 m - a +2 amulet of reflection (around neck)
 s - a ring of magical power (left claw)
Scrolls
 d - a scroll of magic mapping
 p - 6 scrolls of teleportation
 q - 2 scrolls of blinking
 u - 6 scrolls of identify
 v - a scroll of amnesia
 y - 4 scrolls of remove curse
 z - a scroll of fog
 C - a scroll of enchant armour
 E - a scroll of vulnerability {unknown}
Potions
 l - 2 potions of flight
 n - 3 potions of curing
 r - a potion of invisibility {unknown}
 w - a potion of agility {unknown}
 x - 2 potions of heal wounds {unknown}
 A - a potion of mutation {unknown}
Comestibles
 c - 5 rations


   Skills:
 + Level 4.7 Fighting
 + Level 4.2 Maces & Flails
 - Level 1.7 Dodging
 - Level 1.7 Stealth
 + Level 5.4 Spellcasting
 * Level 9.8 Necromancy


You had 10 spell levels left.
You knew the following spells:

 Your Spells              Type           Power        Failure   Level  Hunger
a - Pain                  Necr           ####         1%          1    None
b - Animate Skeleton      Necr           N/A          1%          1    None
c - Animate Dead          Necr           N/A          2%          4    ####...
d - Sticks to Snakes      Tmut           #.......     22%         2    #......


Dungeon Overview and Level Annotations

Branches:
Dungeon (8/15)             Temple (1/1) D:6
   Lair: D:8-11

Altars:
Ashenzari
Cheibriados
Dithmenos
Elyvilon
Fedhas
Gozag
Hepliaklqana
Kikubaaqudgha
Makhleb
Nemelex Xobeh
Okawaru
Qazlal
Ru
Sif Muna
Trog
Uskayaw
Vehumet
Wu Jian
Xom
Yredelemnul
Zin
The Shining One

Annotations:
D:6 htuhola's ghost, novice HOFi
D:7 epok's ghost, novice HOFi


Innate Abilities, Weirdness & Mutations

You have sharp fingernails.
You have sharp toenails.
A weak demonic guardian rushes to your aid.
You are immune to rotting.


Message History

Press: ? - help, Shift-Dir - straight line, f/p - wyvern
Aim: a wyvern (moderately wounded, chance to defeat MR: 84%)
The wyvern barely resists.
The wyvern bites you!
* * * LOW HITPOINT WARNING * * *
Your ball python bites the wyvern but does no damage.
Your adder closely misses the wyvern.
Casting: Pain (safe; 1% risk of failure)
Confirm with . or Enter, or press ? or * to list all spells.
You create a snake!
You now have 59 arrows.
The wyvern bites you.
* * * LOW HITPOINT WARNING * * *
Your ball python closely misses the wyvern.
Your adder barely misses the wyvern.
The wyvern bites you.
* * * LOW HITPOINT WARNING * * *
Your ball python barely misses the wyvern.
Your adder bites the wyvern but does no damage.
It was a potion of flight.
You feel very buoyant.
You fly up into the air.
The wyvern closely misses you. The wyvern bites you!
You die...
Kikubaaqudgha rasps: "You have failed me!
Welcome... death!"

#........#####
#............#
#............#
########.....#
#.....#
#.....#
#.....# ###
#..)..# #..
#.@5..# #..
#..lS.# #..
#..SS.######
#..
#..........#
#..
##########.#
#.. #.# #..
#.# ### #.#
#l#


You could see a wyvern, a friendly adder, a friendly shadow imp and 2 friendly
ball pythons.

Vanquished Creatures
  A hippogriff (D:7)
  An orc warrior (D:6)
  A black bear (D:7)
  A phantom (D:5)
  3 bullfrogs
  A wyvern skeleton (D:6)
  A howler monkey (D:4)
  A human zombie (Ossuary)
  A jelly (D:6)
  2 hounds
  3 orc wizards
  A bullfrog skeleton (D:6)
  A centaur skeleton (D:8)
  3 iguanas
  Natasha (twice) (D:4)
  3 worker ants
  2 big kobold zombies (Ossuary)
  A hound zombie (Ossuary)
  4 mummies (Ossuary)
  4 gnolls
  9 adders
  A howler monkey skeleton (D:4)
  A shadow imp (D:6)
  An ooze (D:3)
  2 adder skeletons
  5 worms
  A dart slug (D:1)
  8 leopard geckos
  16 orcs
  5 bats
  7 giant cockroaches
  A gnoll zombie (Ossuary)
  5 goblins
  5 hobgoblins
  4 jackals (D:6)
  5 quokkas
  2 frilled lizards
  A hobgoblin zombie (Ossuary)
  A jackal zombie (Ossuary)
  6 kobolds
  9 rats
  A rat zombie (Ossuary)
133 creatures vanquished.

Vanquished Creatures (collateral kills)
  An orc warrior (D:7)
  An ogre (D:4)
  A phantom (D:7)
  3 centaurs
  3 bullfrogs
  A wyvern zombie (D:7)
  2 scorpions
  3 crimson imps (D:5)
  A hound (D:8)
  A human zombie (Ossuary)
  An orc priest (D:7)
  3 orc wizards
  Terence (D:2)
  A hound zombie (Ossuary)
  A gnoll (D:7)
  2 adders
  An adder zombie (Ossuary)
  5 orcs
  A giant cockroach (D:1)
  A rat zombie (Ossuary)
34 creatures vanquished.

Grand Total: 167 creatures vanquished

Notes
Turn   | Place    | Note
-------+----------+-------------------------------------------
     0 | D:1      | Kriby the Demonspawn Necromancer began the quest for the Orb.
     0 | D:1      | Reached XP level 1. HP: 13/13 MP: 3/3
    28 | D:1      | Learned a level 1 spell: Animate Skeleton
   455 | D:1      | Gained mutation: You have sharp fingernails. [demonic ancestry]
   455 | D:1      | Reached XP level 2. HP: 14/19 MP: 0/5
   852 | D:1      | Reached skill level 5 in Necromancy
  1295 | D:1      | Reached XP level 3. HP: 23/24 MP: 3/6
  1842 | D:2      | Noticed Terence
  1984 | D:2      | Found a radiant altar of Vehumet.
  2440 | D:2      | Found a glowing golden altar of the Shining One.
  2656 | D:2      | Gained mutation: A weak demonic guardian rushes to your aid. [demonic ancestry]
  2656 | D:2      | Reached XP level 4. HP: 25/30 MP: 1/8
  2765 | D:2      | Killed Terence
  2981 | D:2      | Reached skill level 6 in Necromancy
  2984 | D:2      | Found a sacrificial altar of Ru.
  3695 | D:3      | Found a glowing silver altar of Zin.
  3946 | D:3      | Reached XP level 5. HP: 32/36 MP: 3/9
  4148 | D:3      | Found a stormy altar of Qazlal.
  4316 | D:4      | Found a deep blue altar of Sif Muna.
  4321 | D:4      | Reached skill level 1 in Fighting
  4619 | D:4      | Reached skill level 1 in Maces & Flails
  4664 | D:4      | Noticed Natasha
  4682 | D:4      | Killed Natasha
  4682 | D:4      | Reached XP level 6. HP: 29/43 MP: 2/11
  4804 | D:4      | Got a wavering marble ring
  4806 | D:4      | Identified the ring of the Cicada {-Tele +Fly MR+ Int+5} (You found it on level 4 of the Dungeon)
  5054 | D:4      | Learned a level 4 spell: Animate Dead
  5183 | D:4      | Reached skill level 7 in Necromancy
  5184 | D:4      | Found a hazy altar of Hepliaklqana.
  5535 | D:4      | Noticed Natasha
  5539 | D:4      | Killed Natasha
  5805 | D:5      | Entered Level 5 of the Dungeon
  5844 | D:5      | Gained mutation: You have sharp toenails. [demonic ancestry]
  5844 | D:5      | Reached XP level 7. HP: 51/51 MP: 12/12
  5950 | D:5      | Found a bloodstained altar of Trog.
  8027 | D:6      | Found a sand-covered staircase.
  8045 | Ossuary  | Entered an ossuary
  8097 | Ossuary  | Reached skill level 8 in Necromancy
  8950 | D:6      | Found an ornate altar of the Wu Jian Council.
  8991 | D:6      | Reached XP level 8. HP: 47/58 MP: 10/14
  9136 | D:6      | Noticed htuhola's ghost (novice HOFi)
 10391 | D:6      | Learned a level 2 spell: Sticks to Snakes
 11267 | D:6      | Found a staircase to the Ecumenical Temple.
 11276 | Temple   | Entered the Ecumenical Temple
 11373 | Temple   | Became a worshipper of Kikubaaqudgha
 11741 | D:7      | Reached skill level 9 in Necromancy
 11977 | D:7      | Reached skill level 5 in Spellcasting
 12097 | D:7      | Noticed epok's ghost (novice HOFi)
 13071 | D:7      | Noticed a hippogriff
 13100 | D:7      | Killed a hippogriff
 13536 | D:7      | Found a sparkling altar of Nemelex Xobeh.
 13536 | D:7      | Found a hide-covered altar of Uskayaw.
 13928 | D:8      | Gained mutation: You are immune to rotting. [demonic ancestry]
 13928 | D:8      | Reached XP level 9. HP: 52/66 MP: 17/17
 14016 | D:8      | Found a shimmering altar of Xom.
 14016 | D:8      | Found a shimmering altar of Xom.
 14016 | D:8      | Found a shimmering altar of Xom.
 14016 | D:8      | Found a shimmering altar of Xom.
 14016 | D:8      | Found a shimmering altar of Xom.
 14017 | D:8      | Found a shimmering altar of Xom.
 14017 | D:8      | Found a shimmering altar of Xom.
 14043 | D:8      | Reached * piety under Kikubaaqudgha
 14043 | D:8      | Identified Kikubaaqudgha's Guide on Sinister Rituals (Kikubaaqudgha gifted it to you on level 8 of the Dungeon)
 14043 | D:8      | Received a gift from Kikubaaqudgha
 14535 | D:8      | Found a shimmering altar of Xom.
 14714 | D:8      | Noticed a two-headed ogre
 14752 | D:8      | Slain by a wyvern

Vault maps used:
D:1:      onia_arrival_larder
D:2:      lemuel_upstairs_altar, lemuel_doored_altar, old_standard_altar,
          old_standard_altar, uniq_terence
D:3:      nicolae_overflow_hidden_temple, old_standard_altar
D:4:      lemuel_crystal_altar, lemuel_round_altar, st_stairs_9, uniq_natasha
D:5:      lemuel_crystal_altar, first_ration
D:6:      old_standard_altar, temple_hall, nicolae_ossuary_entry_monument,
          minmay_guarded_unrand_staff_of_olgreb
D:7:      gammafunk_the_bubble, amethyst_overflow_temple_binary
D:8:      xom_shifter_show, erik_lair_dragon
Temple:   compressed_dpeg_circular_temple
Ossuary:  ossuary_minmay_tomb_2a

Skill      XL: |  1  2  3  4  5  6  7  8 |
---------------+-------------------------+-----
Necromancy     | 5 6 7 8 9 |  9.8
Spellcasting   | 3 4 5 |  5.4
Fighting       | 1 2 3 4 |  4.7
Maces & Flails | 1 2 3 4 |  4.2
Dodging        | |  1.7
Stealth        | |  1.7

Action                   |  1- 3 |  4- 6 |  7- 9 || total
-------------------------+-------+-------+-------++-------
Melee: Unarmed           |    17 |       |       ||    17
       Club              |     4 |    22 |   593 ||   619
 Cast: Pain              |    78 |   117 |   109 ||   304
       Animate Skeleton  |    13 |    16 |     6 ||    35
       Animate Dead      |       |     5 |    10 ||    15
       Sticks to Snakes  |       |       |   105 ||   105
Evoke: Wand              |       |     7 |    28 ||    35
  Use: Scroll            |     3 |     4 |     7 ||    14
       Potion            |       |       |     8 ||     8
 Stab: Sleeping          |       |       |     1 ||     1
  Eat: Chunk             |     6 |     7 |    13 ||    26
       Ration            |       |     1 |     6 ||     7
Armor: Robe              |     9 |    11 |   169 ||   189
Dodge: Dodged            |    26 |    19 |   367 ||   412
Block: Other             |       |     1 |    42 ||    43

Table legend:
 A = Spawn XP
 B = Non-spawn XP
 C = Spawn XP percentage of total XP
 D = Spawn monster count
 E = Non-spawn monster count
 F = Spawn count percentage of total count
 G = Total turns spent on level
                    A         B        C        D         E        F      G
               +---------+---------+-------+---------+---------+-------+---------
         Total |       0 |    3045 |   0.0 |       0 |     167 |   0.0 | 14752
               +---------+---------+-------+---------+---------+-------+---------
           D:1 |       0 |      47 |   0.0 |       0 |      27 |   0.0 |  1982
           D:2 |       0 |     125 |   0.0 |       0 |      19 |   0.0 |  1641
           D:3 |       0 |      63 |   0.0 |       0 |      13 |   0.0 |   850
           D:4 |       0 |     493 |   0.0 |       0 |      21 |   0.0 |  1529
           D:5 |       0 |     333 |   0.0 |       0 |      11 |   0.0 |  2981
           D:6 |       0 |     645 |   0.0 |       0 |      26 |   0.0 |  2070
           D:7 |       0 |     775 |   0.0 |       0 |      20 |   0.0 |  1917
           D:8 |       0 |     326 |   0.0 |       0 |      14 |   0.0 |   769
       Ossuary |       0 |     238 |   0.0 |       0 |      16 |   0.0 |   898
               +---------+---------+-------+---------+---------+-------+---------
